 Dungeon Crawl Stone Soup version 0.21-a0-258-g4c0eb85 (webtiles) character file.

171 Atlas the Ruffian (level 5, -2/61 HPs)
             Began as a Draconian Transmuter on Sept 7, 2017.
             Killed by divine providence
             ... invoked by an orc priest
              (12 damage)
             ... on level 3 of the Dungeon.
             The game lasted 00:05:05 (2542 turns).

Atlas the Ruffian (Draconian Transmuter)            Turns: 2542, Time: 00:05:06

Health: -2/61      AC: 22    Str: 11 (13) XL:     5   Next: 26%
Magic:  2/8        EV:  2    Int: 12 (13) God:
Gold:   119        SH:  0    Dex: 11 (12) Spells: 2/8 levels left

rFire    + . .     SeeInvis .     - Unarmed
rCold    + . .     Gourm    .   (no shield)
rNeg     + + +     Faith    .   (armour unavailable)
rPois    +         Spirit   .   (helmet currently unavailable)
rElec    +         Reflect  .   (cloak currently unavailable)
rCorr    +         Harm     .   (gloves currently unavailable)
MR       .....     NoTele   +   (boots currently unavailable)
Stlth    ++........             (no amulet)
HPRegen  0.20/turn              (no ring)
MPRegen  0.11/turn              (no ring)

@: tree-form, resistant, very slightly contaminated
A: unfitting armour, AC +5
a: no special abilities


You were on level 3 of the Dungeon.
You were not hungry.
You were a tree.
You visited 1 branch of the dungeon, and saw 3 of its levels.

You collected 119 gold pieces.

Inventory:

Missiles
 a - 11 arrows
Armour
 l - a +1 pair of gloves (melded)
Scrolls
 e - a scroll of blinking {unknown}
 f - 2 scrolls of remove curse {unknown}
 g - 3 scrolls of identify {unknown}
 i - a scroll of immolation {unknown}
 k - 4 scrolls of recharging {unknown}
 o - a scroll of amnesia {unknown}
 u - a scroll of fog {unknown}
Potions
 n - a potion of might {unknown}
 p - a potion of invisibility {unknown}
Books
 b - a book of Changes

   Spells                             Type                      Level
   a - Beastly Appendage              Transmutation                1
   b - Sticks to Snakes               Transmutation                2
   c - Spider Form                    Transmutation/Poison         3
   d - Ice Form                       Ice/Transmutation            4
   e - Blade Hands                    Transmutation                5
 d - a book of Minor Magic

   Spells                             Type                      Level
   a - Magic Dart                     Conjuration                  1
   b - Blink                          Translocation                2
   c - Call Imp                       Summoning                    2
   d - Slow                           Hexes                        2
   e - Conjure Flame                  Conjuration/Fire             3
   f - Mephitic Cloud                 Conjuration/Poison/Air       3
 t - a book of Maledictions

   Spells                             Type                      Level
   a - Corona                         Hexes                        1
   b - Ensorcelled Hibernation        Hexes/Ice                    2
   c - Confuse                        Hexes                        3
   d - Tukima's Dance                 Hexes                        3
   e - Dazzling Spray                 Conjuration/Hexes            3
Comestibles
 c - 3 bread rations
 j - 2 meat rations
 r - 2 fruits
 v - a royal jelly
 w - 4 chunks of flesh


   Skills:
 + Level 1.7 Fighting
 + Level 2.3 Dodging
 + Level 1.2 Stealth
 + Level 4.7 Unarmed Combat
 + Level 2.4 Spellcasting
 + Level 2.6 Transmutations
 + Level 0.2 Poison Magic


You had 2 spell levels left.
You knew the following spells:

 Your Spells              Type           Power        Failure   Level  Hunger
a - Beastly Appendage     Tmut           #.....       9%          1    ##.....
b - Sticks to Snakes      Tmut           #.......     14%         2    ###....
c - Spider Form           Tmut/Pois      #.........   41%         3    ####...


Dungeon Overview and Level Annotations

Branches:
Dungeon (3/15)

Altars:


Innate Abilities, Weirdness & Mutations

((Your plain brown scales are hard. (AC +5)))
You cannot fit into any form of body armour.
((You are cold-blooded and may be slowed by cold attacks.))


Message History

* * * LOW HITPOINT WARNING * * *
Your ball python bites the orc priest but does no damage.
Your ball python constricts the orc priest.
The orc priest calls down the wrath of Beogh upon you.
Beogh smites you!
* * * LOW HITPOINT WARNING * * *
Your ball python bites the orc priest.
Your ball python constricts the orc priest.
It was a potion of degeneration.
There was something very wrong with that liquid.
You feel weakened.
You feel dopey.
You feel clumsy.
The orc priest hits you but does no damage.
Your ball python barely misses the orc priest.
Your ball python constricts the orc priest.
It was a potion of curing.
You feel better.
Your ball python bites the orc priest.
Your ball python constricts the orc priest.
The orc priest mumbles some strange prayers to Beogh against you.
Beogh smites you!
You die...

######### #.oo§.o.#
#. #S# ### #. ####♣##
..# #. #.....# #.# #.
#.##..##. #.#
#.##.#...... ##.#
#.............
##..#####.......#####
.##.#)....#.###.#.#
...()).((.)#.##...#
..##.##...###.#.#.#


You could see an orc priest and a friendly ball python.

Vanquished Creatures
  An orc priest (D:3)
  5 gnolls
  3 adders (D:2)
  An ooze (D:2)
  A dart slug (D:2)
  4 leopard geckos
  3 orcs (D:3)
  2 ball pythons (D:1)
  6 bats
  A giant cockroach (D:1)
  4 goblins
  7 hobgoblins
  7 kobolds
  4 frilled lizards
  6 rats
55 creatures vanquished.

Notes
Turn   | Place    | Note
-------+----------+-------------------------------------------
     0 | D:1      | Atlas the Draconian Transmuter began the quest for the Orb.
     0 | D:1      | Reached XP level 1. HP: 16/16 MP: 3/3
    85 | D:1      | Reached XP level 2. HP: 18/23 MP: 5/5
   631 | D:1      | Reached XP level 3. HP: 17/28 MP: 6/6
   641 | D:1      | Learned a level 2 spell: Sticks to Snakes
   645 | D:1      | Learned a level 3 spell: Spider Form
  1257 | D:2      | Reached skill level 4 in Unarmed Combat
  1350 | D:2      | Reached skill level 1 in Stealth
  1354 | D:2      | Reached XP level 4. HP: 32/35 MP: 1/7
  2271 | D:3      | Reached XP level 5. HP: 31/41 MP: 8/8
  2540 | D:3      | HP: 3/61 [orc priest/divine providence (7)]
  2542 | D:3      | Killed from afar by an orc priest

Vault maps used:
D:1:      dpeg_arrival_erosion, minivault_14
D:3:      kennysheep_small_spiral, uniq_grinder

Skill      XL: |  1  2  3 |
---------------+----------+-----
Dodging        | 2 |  2.3
Unarmed Combat | 4 |  4.7
Stealth        | 1 |  1.2
Fighting       | |  1.7
Spellcasting   | |  2.4
Transmutations | |  2.6
Poison Magic   | |  0.2

Action                   |  1- 3 |  4- 6 || total
-------------------------+-------+-------++-------
Melee: Unarmed           |   132 |    74 ||   206
       Tailslap          |    12 |     4 ||    16
 Cast: Spider Form       |     1 |     3 ||     4
       Beastly Appendage |       |     1 ||     1
       Sticks to Snakes  |       |     1 ||     1
  Use: Potion            |       |     4 ||     4
 Stab: Sleeping          |     1 |     1 ||     2
  Eat: Chunk             |     1 |     5 ||     6
Armor: Skin              |    37 |    29 ||    66
Dodge: Dodged            |    93 |    52 ||   145

Table legend:
 A = Spawn XP
 B = Non-spawn XP
 C = Spawn XP percentage of total XP
 D = Spawn monster count
 E = Non-spawn monster count
 F = Spawn count percentage of total count
 G = Total turns spent on level
                    A         B        C        D         E        F      G
               +---------+---------+-------+---------+---------+-------+---------
         Total |       0 |     245 |   0.0 |       0 |      55 |   0.0 |  2542
               +---------+---------+-------+---------+---------+-------+---------
           D:1 |       0 |      54 |   0.0 |       0 |      24 |   0.0 |  1000
           D:2 |       0 |      80 |   0.0 |       0 |      22 |   0.0 |  1155
           D:3 |       0 |     111 |   0.0 |       0 |       9 |   0.0 |   387
               +---------+---------+-------+---------+---------+-------+---------
